 Dungeon Crawl Stone Soup version 0.31-a0-446-g07c4bd200f (webtiles) character file.

Game seed: 13449925126411812331

119 Ethylacetat the Insei (level 5, -9/28 HPs)
             Began as a Vine Stalker Monk on Aug 3, 2023.
             Killed by nerve-wracking pain
             ... invoked by Grinder
              (11 damage)
             ... on level 3 of the Dungeon.
             The game lasted 00:01:21 (1778 turns).

Ethylacetat the Insei (Vine Stalker Monk)           Turns: 1778, Time: 00:01:21

Health: -9/28      AC:  2    Str: 13    XL:     5   Next: 3%
Magic:  0/6        EV: 13    Int: 10    God:
Gold:   110        SH:  0    Dex: 19    Spells: 4/4 levels left

rFire   . . .        f - +4 war axe
rCold   . . .        c - orb {light}
rNeg    . . .        a - +0 robe
rPois   .            (no helmet)
rElec   .            (no cloak)
rCorr   .            (no gloves)
SInv    .            (no boots)
Will    .....        (no amulet)
Stlth   +            (no ring)
HPRegen 1.04/turn    (no ring)
MPRegen 0.10/turn

%: guardian spirit
@: attractive, glowing
A: fangs 2, regeneration 1, magic shield, antimagic bite, no potion heal 2
a: no special abilities


You were on level 3 of the Dungeon.
You visited 1 branch of the dungeon, and saw 3 of its levels.

You collected 110 gold pieces.

Inventory:

Hand Weapons
 f - a +4 war axe (weapon)
Armour
 a - a +0 robe (worn)
 c - an orb of light (worn)
Jewellery
 m - a ring of magical power
Wands
 n - a wand of charming (8)
Scrolls
 i - a scroll of noise {unknown}
 j - a scroll of fog {unknown}
 l - 3 scrolls of identify {unknown}
Potions
 b - 2 potions of ambrosia
 d - a potion of attraction
 e - a potion of resistance {unknown}
 g - a potion of mutation {unknown}
 h - 3 potions of curing {unknown}
 k - a potion of haste {unknown}


   Skills:
 + Level 3.6 Fighting
 + Level 3.3 Dodging
 + Level 4.0 Unarmed Combat


You had 4 spell levels left.
You didn't know any spells.
Your spell library contained the following spells:

 Spells                   Type           Power      Damage    Failure   Level
 Poisonous Vapours        Pois/Air       0%         N/A       50%         2
 Mephitic Cloud           Conj/Pois/Air  0%         N/A       75%         3
 Freezing Cloud           Conj/Ice/Air   0%         6-21      100%        5


Dungeon Overview and Level Annotations

Branches:
Dungeon (3/15)

Altars:

Annotations:
D:3 1 runed translucent door, Grinder; crabbyslav's ghost, amateur OgSh


Innate Abilities, Weirdness & Mutations

You have extremely sharp teeth.
Your natural rate of healing is unusually fast.
When hurt, damage is shared between your health and your magic reserves.
Your bite disrupts and absorbs the magic of your enemies.
Potions cannot restore your health.


Message History

The water moccasin hisses angrily.
You slash Grinder! You bite Grinder, but do no damage.
Grinder is heavily wounded.
Grinder's magic is no longer disrupted.
Grinder gestures at you. Pain shoots through your body!
A jackal comes into view.
The jackal bites you. x2
Grinder gestures at you. You resist with some effort.
The jackal barks!
You hit Grinder. You bite Grinder.
Grinder's magic leaks into the air.
You drain her magic.
You feel invigorated.
Grinder is heavily wounded.
You hit the jackal.
You kill the jackal!
Grinder's magic is no longer disrupted.
Grinder barely misses you. The jackal misses you.
You barely miss Grinder.
Grinder is heavily wounded.
You slash the jackal!
You kill the jackal!
Grinder gestures at you. Pain shoots through your body!
Grinder barely misses you.
Unknown command.
It was a potion of attraction.
You feel attractive to monsters. The water moccasin bites you.
The water moccasin bites you!
* * * LOW HITPOINT WARNING * * *
Grinder closely misses you.
Crabbyslav's ghost whispers, "There is no future for you."
You slash Grinder!
Grinder is almost dead.
You slash the water moccasin! You hit the jackal.
You kill the jackal!
The water moccasin bites you!
* * * LOW HITPOINT WARNING * * *
Grinder gestures at you. Pain shoots through your body!
You die... #~~~# #.# #~~~# #.# # #BB~# #.# #. #FSW#

#####.# ##.###+##
###.....#
#...#...######........
#..................†..
#...#.########......<.
## #.@.....###........
#S5..............).
#.......###........
........# #........
#........# #........
#........# #........
#......(.# #####.###
?.>.###### #.# #


You could see Grinder, a water moccasin, a bullfrog, crabbyslav's ghost, an
adder and 2 giant cockroaches.

Vanquished Creatures
  6 adders (D:2)
  A worm (D:2)
  3 dart slugs
  8 bats
  3 endoplasms
  5 giant cockroaches
  2 goblins
  3 hobgoblins
  9 jackals
  5 quokkas
  4 ball pythons
  3 frilled lizards
  2 rats
54 creatures vanquished.

Notes
Turn   | Place    | Note
-------+----------+-------------------------------------------
     0 | D:1      | Ethylacetat the Vine Stalker Monk began the quest for the
                  | Orb.
     0 | D:1      | Reached XP level 1. HP: 11/11 MP: 2/2
    90 | D:1      | Reached XP level 2. HP: 14/16 MP: 3/3
   583 | D:1      | Found a faded altar of an unknown god.
   756 | D:2      | Reached XP level 3. HP: 13/20 MP: 4/4
   979 | D:2      | Gained mutation: Your natural rate of healing is unusually
                  | fast. [Vine Stalker growth]
   979 | D:2      | Reached XP level 4. HP: 23/24 MP: 5/5
  1751 | D:3      | Reached XP level 5. HP: 28/28 MP: 6/6
  1766 | D:3      | Found a runed translucent door.
  1767 | D:3      | Noticed crabbyslav's ghost (amateur OgSh)
  1770 | D:3      | Reached skill level 4 in Unarmed Combat
  1770 | D:3      | Noticed Grinder
  1773 | D:3      | Noticed a water moccasin
  1778 | D:3      | Killed from afar by Grinder

Illustrated notes

Levels and vault maps discovered:
D:1:      elethiomel_arrival_shortcut, layout_basic,
          nicolae_ecumenical_lake_church, hangedman_decor_peaks_small
D:2:      layout_basic, serial_bayou_lagoon_b
D:3:      layout_loops_ring, ebering_ghost_sewer_f,
          amcnicky_mini_corridor_feature, uniq_grinder, uniq_crazy_yiuf_cottage,
          uniq_jessica

Skill      XL: |  1  2  3  4  5 |
---------------+----------------+-----
Fighting       | 3 |  3.6
Dodging        | 3 |  3.3
Unarmed Combat | 4 |  4.0

Action                     |  1- 3 |  4- 6 || total
---------------------------+-------+-------++-------
  Melee: War axe           |    47 |    45 ||    92
         Unarmed           |     4 |       ||     4
         Bite              |     8 |     9 ||    17
    Use: Potion            |       |     1 ||     1
 Armour: Robe              |    10 |     3 ||    13
  Dodge: Dodged            |    47 |    36 ||    83

Table legend: (Time is in decaauts)
 A = Elapsed time spent in this place.
 B = Non-inter-level travel time spent in this place.
 C = Inter-level travel time spent in this place.
 D = Time resting spent in this place.
 E = Time spent auto-exploring this place.
 F = Levels seen in this place.
 G = Mean time per level.
                   A        B        C        D        E       F      G
               +--------+--------+--------+--------+--------+-----+--------+
         Total |   1846 |   1790 |     56 |      0 |   1476 |   3 |  615.3 |
       Dungeon |   1846 |   1790 |     56 |      0 |   1476 |   3 |  615.3 |
               +--------+--------+--------+--------+--------+-----+--------+

Top non-repeatable levels by time:
     D:2: 1049 daAuts
     D:1: 756 daAuts
     D:3: 39 daAuts
